 Dungeon Crawl Stone Soup version 0.27.0-1-g7a089689b8 (webtiles) character file.

Game seed: 16893953188080377109

1109 Malachi the Chopper (level 8, -7/64 HPs)
             Began as a Formicid Fighter on Aug 12, 2021.
             Was a Believer of Ashenzari.
             Mangled by a gnoll (17 damage)
             ... on level 6 of the Dungeon.
             The game lasted 00:07:13 (5524 turns).

Malachi the Chopper (Formicid Fighter)              Turns: 5524, Time: 00:07:15

Health: -7/64      AC: 11    Str: 24    XL:     8   Next: 59%
Magic:  8/8        EV:  9    Int:  7    God:    Ashenzari [**....]
Gold:   336        SH: 10    Dex: 10    Spells: 7/7 levels left

rFire    . . .     SeeInvis +   a - +0 war axe of Toth-Mos's Legacy {elec, Evo, Bglg} (curse)
rCold    . . .     Faith    .   c - +0 kite shield of the Shackled Oracle {Evo, Elem} (curse)
rNeg     . . .     Spirit   .   b - +0 scale mail
rPois    .         Reflect  .   (helmet unavailable)
rElec    .         Harm     .   (no cloak)
rCorr    .         Rampage  .   (no gloves)
Will     .....                  (no boots)
Stlth    ..........             (no amulet)
HPRegen  0.20/turn              e - ring "Tethered Bitterness" {AC+4, Self, Melee} (curse)
MPRegen  0.11/turn              (no ring)

@: no status effects
A: permanent stasis, dig shafts and tunnels, antennae 3, four strong arms
a: Dig, Shaft Self, Renounce Religion, Curse Item, Shatter the Chains


You were on level 6 of the Dungeon.
You worshipped Ashenzari.
Ashenzari was pleased with you.
You visited 1 branch of the dungeon, and saw 6 of its levels.
You also visited: Sewer and Ossuary.

You collected 336 gold pieces.

Inventory:

Hand Weapons
 a - the cursed +0 war axe of Toth-Mos's Legacy (weapon) {elec, Evo, Bglg}

   It occasionally discharges a powerful burst of electricity upon striking a
   foe.
   It has a curse which improves the following skills: Evocations: Evocations.
   Beguiling: Conjurations, Hexes and Translocations.
Missiles
 q - a throwing net
Armour
 b - a +0 scale mail (worn)
 c - the cursed +0 kite shield of the Shackled Oracle (worn) {Evo, Elem}

   It has a curse which improves the following skills: Evocations: Evocations.
   Elements:  Fire Magic, Ice Magic, Air Magic and Earth Magic.
Jewellery
 e - the cursed ring "Tethered Bitterness" (left hand) {AC+4, Self, Melee}
   (You found it on level 1 of the Dungeon)

   [ring of protection]

   AC:        It affects your AC (+4).
   It has a curse which improves the following skills: Introspection: Fighting
   and Spellcasting.
   Melee Combat: Short Blades, Long Blades, Axes, Maces & Flails, Polearms,
   Staves and Unarmed Combat.
Wands
 r - a wand of iceblast (6)
 s - a wand of acid (4)
Scrolls
 h - 2 scrolls of fear
 j - a scroll of brand weapon
 n - a scroll of summoning
 o - a scroll of enchant armour
 p - 2 scrolls of fog
 t - a scroll of acquirement
 u - a scroll of enchant weapon
Potions
 d - 3 potions of might
 f - 4 potions of brilliance
 g - a potion of magic
 i - 3 potions of heal wounds
 k - a potion of cancellation
 l - 4 potions of curing
 m - 3 potions of flight


   Skills:
 + Level 4.8(6.2) Fighting
 + Level 6.8(8.3) Axes
 + Level 5.2 Armour
 + Level 2.0 Dodging
 + Level 1.0 Stealth
 + Level 6.0 Shields


You had 7 spell levels left.
You didn't know any spells.
Your spell library contained the following spells:

 Spells                   Type           Power      Damage    Failure   Level
 Portal Projectile        Hex/Tloc       0%         N/A       99%         3
 Blade Hands              Tmut           0%         N/A       100%        5
 Excruciating Wounds      Necr           0%         N/A       100%        5


Dungeon Overview and Level Annotations

Branches:
Dungeon (6/15)              Sewer (visited)         Ossuary (visited)
 Temple: D:4-7

Altars:
Ashenzari

Shops:
D:5 :


Innate Abilities, Weirdness & Mutations

You cannot be hasted, slowed, berserked, paralysed or teleported.
You can dig through walls and to a lower floor.
You have a pair of large antennae on your head. (SInv)
Your four strong arms can wield two-handed weapons with a shield.


Message History

You barely miss the gnoll.
The gnoll is heavily wounded.
The gnoll barely misses you. The gnoll closely misses you.
The gnoll barely misses you.
You completely miss the gnoll.
The gnoll is heavily wounded.
The gnoll completely misses you. You block the gnoll's attack.
You barely miss the gnoll shaman. You block the gnoll's attack.
The gnoll hits you but does no damage. The gnoll shaman barely misses you.
The gnoll hits you from afar with a +0 halberd!
The gnoll barely misses you.
You slash the gnoll shaman!
Lightning courses through the gnoll shaman!!
You kill the gnoll shaman!
The gnoll throws a throwing net.
The throwing net hits you.
You become entangled in the net!
The gnoll hits you from afar with a +0 halberd!
The gnoll barely misses you.
You are held in a net!
You are held in a net!
You are held in a net!
Unknown command.
You struggle against the net.
The gnoll hits you from afar with a +0 halberd! x2
* * * LOW HITPOINT WARNING * * *
The gnoll hits you from afar with a +0 spear.
* * * LOW HITPOINT WARNING * * *
The gnoll completely misses you.
You struggle against the net.
The gnoll hits you but does no damage. x2
The gnoll barely misses you. The gnoll hits you with a +0 whip.
* * * LOW HITPOINT WARNING * * *
You rip the net and break free!
You block the gnoll's attack. x4
The gnoll closely misses you.
You closely miss the gnoll. You block the gnoll's attack.
The gnoll hits you but does no damage.
The gnoll hits you from afar with a +0 spear.
* * * LOW HITPOINT WARNING * * *
The gnoll hits you but does no damage.
The gnoll hits you from afar with a +0 halberd!
You die...

##.######
#.......# ,
#..####.# * **
#..# #.# ,
###..####.# * *
..........# *
##.....#..########
*
##..............#
* #.......######@#
,* ##.....## **#g#
, #.#####


ggg * * #+#* *..g.. , * , * #.....# , #.....# , * #.....# * *** ...##.# * , ,
You could see 5 gnolls.

Vanquished Creatures
  A water moccasin (D:5)
  An ogre (D:4)
  3 elf zombies (Ossuary)
  A kobold brigand (Sewer)
  2 scorpions
  A centaur zombie (D:6)
  A centaur skeleton (D:6)
  A gnoll shaman (D:6)
  A human zombie (Ossuary)
  2 orc priests
  A jelly (D:5)
  An iguana (D:5)
  An orc wizard (D:5)
  A scorpion zombie (D:5)
  2 mummies (Ossuary)
  4 adders
  8 gnolls
  A river rat (Sewer)
  A white imp (D:5)
  2 adder zombies (Ossuary)
  A worm (D:2)
  2 dart slugs
  11 orcs
  3 ball pythons
  5 bats
  5 endoplasms
  5 giant cockroaches
  2 hobgoblins
  4 jackals
  6 kobolds
  3 quokkas
  A frilled lizard (D:3)
  3 goblin zombies (Ossuary)
  11 hobgoblin zombies (Ossuary)
  2 jackal zombies (Ossuary)
  8 kobold zombies (Ossuary)
  6 orc zombies (Ossuary)
  9 rats
  A rat zombie (Ossuary)
124 creatures vanquished.

Vanquished Creatures (others)
  An orc (D:5)
1 creature vanquished.

Grand Total: 125 creatures vanquished

Notes
Turn   | Place    | Note
-------+----------+-------------------------------------------
     0 | D:1      | Malachi the Formicid Fighter began the quest for the Orb.
     0 | D:1      | Reached XP level 1. HP: 18/18 MP: 1/1
   318 | D:1      | Reached XP level 2. HP: 24/24 MP: 2/2
   613 | D:1      | Found a faded altar of an unknown god.
   688 | D:1      | Became a worshipper of Ashenzari the Shackled
  1365 | D:2      | Reached XP level 3. HP: 6/29 MP: 3/3
  2116 | D:3      | Reached * piety under Ashenzari
  2363 | D:3      | Reached XP level 4. HP: 38/38 MP: 4/4
  2945 | D:4      | Found a glowing drain.
  2949 | Sewer    | Entered a sewer
  2954 | Sewer    | Reached XP level 5. HP: 43/43 MP: 5/5
  3002 | Sewer    | Noticed a kobold brigand
  3015 | Sewer    | Killed a kobold brigand
  3063 | Sewer    | Found a white marble altar of Elyvilon.
  3138 | D:4      | Noticed an ogre
  3150 | D:4      | Reached XP level 6. HP: 47/51 MP: 6/6
  3153 | D:4      | Killed an ogre
  3154 | D:4      | Reached skill level 1 in Dodging
  3331 | D:4      | Reached skill level 5 in Shields
  3331 | D:4      | Reached XP level 7. HP: 56/56 MP: 7/7
  3334 | D:4      | Reached ** piety under Ashenzari
  3809 | D:5      | Entered Level 5 of the Dungeon
  3827 | D:5      | Noticed a water moccasin
  3833 | D:5      | Killed a water moccasin
  3834 | D:5      | Reached skill level 5 in Axes
  3961 | D:5      | Found a sand-covered staircase.
  3996 | Ossuary  | Entered an ossuary
  4232 | Ossuary  | Reached XP level 8. HP: 62/64 MP: 8/8
  4555 | D:5      | Reached skill level 5 in Armour
  4671 | D:5      | Identified a scroll of acquirement
  5037 | D:5      | Found Xoan's Self-Improvement Boutique.
  5212 | D:6      | Reached skill level 1 in Stealth
  5524 | D:6      | Mangled by a gnoll

Illustrated notes

Levels and vault maps discovered:
D:1:      dpeg_arrival_water_temple_mockup, layout_basic, basic_ecumenical_altar
D:2:      layout_rooms, chequers_serial_rivers_micro_e
D:3:      layout_loops_corners
D:4:      layout_basic, gup_sewer_entry_bowl
D:5:      layout_loops_ring, enter_ossuary_2, nrook_campfire,
          corexii_mini_fake_secret_closet, nicolae_shop_self_help
D:6:      layout_loops_corners, minmay_temple_entry_glassed_door,
          chequers_serial_rivers_micro_e, minivault_23

Skill      XL: |  1  2  3  4  5  6  7  8 |
---------------+-------------------------+-----
Shields        | 4 5 6 |  6.0
Armour         | 4 5 |  5.2
Fighting       | 4 |  4.8
Axes           | 3 4 5 6 |  6.8
Dodging        | 1 2 |  2.0
Stealth        | 1 |  1.0

Action                   |  1- 3 |  4- 6 |  7- 9 || total
-------------------------+-------+-------+-------++-------
Melee: War axe           |    92 |    68 |   153 ||   313
Invok: Curse Item        |     2 |       |     1 ||     3
  Use: Scroll            |     1 |       |       ||     1
Armor: Scale mail        |    46 |    27 |    49 ||   122
Dodge: Dodged            |    22 |    17 |    48 ||    87
Block: Kite shield       |    50 |    34 |    78 ||   162
